[Event "8. Arber-Schachopen 2019"]
[Site "Bodenmais"]
[Date "2019.08.02"]
[Round "7.25"]
[White "Speicher, Franz"]
[Black "Schwenkreis, Thomas"]
[Result "0-1"]
[ECO "A45"]
[WhiteElo "1895"]
[BlackElo "2048"]
[Annotator "NA"]
[PlyCount "106"]
[EventDate "2019.07.27"]
[EventCountry "GER"]
[SourceTitle "playchess.com"]
[Source "ChessBase"]
[SourceQuality "1"]
[TimeControl "40/5400+30:1800+30"]

1. d4 Nf6 2. Bg5 g6 3. Bxf6 exf6 4. e3 Bg7 5. g3 O-O 6. Bg2 f5 {[%emt 0:00:09] A45: Trompowsky Attack} 7. Ne2 c5 (7... d6 8. c4 c6 9. Nbc3 Nd7 10. O-O Nf6 11. b4 Re8 12. Qd3 Qe7 13. b5 Ne4 14. a4 a6 15. bxc6 bxc6 16. Rab1 a5 17. Rb6 Ra6 18. Rb8 Qc7 19. Rfb1 Nf6 {1-0 (83) Kryakvin,D (2567)-Ponkratov,P (2605) Serpukhov 2018}) 8. c3 Nc6 9. dxc5 Qa5 10. Nd2 $146 ({Predecessor:} 10. O-O Qxc5 11. Qd5 Qxd5 12. Bxd5 b6 13. Na3 Ba6 14. Bc4 {½-½ (37) Anatsky,A-Zhirnov,A Kiev 2004}) 10... Qxc5 11. Nf3 a5 12. O-O Ra6 13. Ned4 Rb6 14. Qd2 d6 15. Rfd1 a4 16. Nxc6 bxc6 17. Qxd6 Qa5 18. Rab1 Be6 19. Qa3 Rfb8 20. b4 Qa6 21. Bf1 Qa8 22. Nd2 Bf8 23. Nc4 R6b7 24. Ne5 c5 25. Bg2 cxb4 26. cxb4 Qa7 27. Nc6 Qa6 28. Nxb8 Rxb8 29. Bd5 Qe2 30. Bxe6 Rxb4 31. Bxf7+ Kxf7 $18 32. Qc1 Qxa2 33. Qc7+ Kg8 34. Rxb4 Bxb4 35. Rd8+ Bf8 36. Qe7 Qb1+ 37. Kg2 Qe4+ 38. Qxe4 fxe4 39. Ra8 a3 40. f3 Kf7 41. fxe4 Be7 42. Ra6 Ke8 43. Kf2 Kd7 44. Ke2 Kc7 45. Kd3 Kb7 46. Ra4 Kb6 47. Kc4 Kc6 48. e5 g5 49. g4 Kb6 50. Kb3 Kc6 51. Ra7 Bc5 52. e4 Bxa7 53. Kxa3 Bd4 0-1

[Event "8. Arber-Schachopen 2019"]
[Site "Bodenmais"]
[Date "2019.08.02"]
[Round "7.26"]
[White "Navarro Gevers, Daniel"]
[Black "Huhs, Sven"]
[Result "1-0"]
[ECO "A45"]
[WhiteElo "1813"]
[BlackElo "2027"]
[Annotator "NA"]
[PlyCount "41"]
[EventDate "2019.07.27"]
[EventCountry "GER"]
[SourceTitle "playchess.com"]
[Source "ChessBase"]
[SourceQuality "1"]
[TimeControl "40/5400+30:1800+30"]

1. d4 Nf6 2. Bg5 d5 3. Bxf6 gxf6 4. e3 c5 5. dxc5 e5 6. c4 Qa5+ 7. Nc3 dxc4 8. Bxc4 Be6 9. Bxe6 fxe6 10. Qb3 Nd7 11. Qxe6+ Be7 12. Rd1 Nxc5 13. Qf5 e4 14. Kf1 O-O 15. Nge2 Rad8 16. Nd4 Qa6+ 17. Kg1 Rd6 18. Nxe4 Qe2 19. Nc3 Qxb2 20. Qxc5 Rxd4 21. Qxd4 1-0

[Event "8. Arber-Schachopen 2019"]
[Site "Bodenmais"]
[Date "2019.08.03"]
[Round "8.1"]
[White "Bogdanov, Egor"]
[Black "Mirzoev, Emil"]
[Result "1-0"]
[ECO "C41"]
[WhiteElo "2407"]
[BlackElo "2493"]
[Annotator "ChessBase"]
[PlyCount "125"]
[EventDate "2019.07.27"]
[EventCountry "GER"]
[SourceTitle "playchess.com"]
[Source "ChessBase"]
[SourceQuality "1"]
[TimeControl "40/5400+30:1800+30"]

1. Nf3 d6 2. d4 Nd7 3. e4 e5 4. Nc3 Ngf6 5. Bc4 exd4 6. Nxd4 Ne5 7. Bb3 Be7 8. O-O O-O 9. f4 Ng6 10. h3 Re8 11. Nf3 h6 12. f5 Ne5 13. Nxe5 dxe5 14. Qf3 c6 15. Be3 Bb4 16. Rad1 Qe7 17. Kh2 a5 18. a4 Bc5 19. Rd2 b6 20. Rfd1 Ra7 21. Bxc5 Qxc5 22. Rd6 Rd7 23. Rxf6 gxf6 24. Qh5 Qf8 25. Qg6+ Kh8 26. Qxf6+ Qg7 27. Qxc6 Rg8 28. g4 Rxd1 29. Nxd1 Qg5 30. Nf2 Ba6 31. Qc3 Qf6 32. Kg3 Rc8 33. Qe3 Bc4 34. Qc3 Ba6 35. Qe3 Bc4 36. Qc3 Be6 37. Qe3 Bxb3 38. Qxb3 Kg7 39. Nd3 Qd6 40. Kf3 f6 41. h4 Rc7 42. Ke2 Qd4 43. Kf3 Rd7 44. Qe6 Qd6 45. Qe8 Rf7 46. b3 Qd7 47. Qa8 Qb7 48. Qe8 Qe7 49. Qa8 Qb7 50. Qe8 Qe7 51. Qb5 Qc7 52. c4 Qd7 53. Qd5 Qe8 54. Ke2 Qe7 55. g5 hxg5 56. hxg5 Rf8 57. gxf6+ Qxf6 58. Nxe5 Re8 59. Ng4 Qb2+ 60. Kf3 Qc3+ 61. Ne3 Rh8 62. Qd7+ Kf6 63. e5+ 1-0

[Event "8. Arber-Schachopen 2019"]
[Site "Bodenmais"]
[Date "2019.08.03"]
[Round "8.2"]
[White "Delchev, Aleksander"]
[Black "Rotstein, Arkadij"]
[Result "1-0"]
[ECO "B06"]
[WhiteElo "2571"]
[BlackElo "2471"]
[Annotator "ChessBase"]
[PlyCount "123"]
[EventDate "2019.07.27"]
[EventCountry "GER"]
[SourceTitle "playchess.com"]
[Source "ChessBase"]
[SourceQuality "1"]
[TimeControl "40/5400+30:1800+30"]

1. d4 g6 2. e4 Bg7 3. Nf3 d6 4. Bd3 Nd7 5. O-O e5 6. c3 Ne7 7. Re1 O-O 8. Nbd2 b6 9. a4 a5 10. Bb5 Bb7 11. dxe5 Nxe5 12. Nxe5 dxe5 13. b3 Bh6 14. Qe2 Nc8 15. Rd1 Nd6 16. Nc4 Bxc1 17. Raxc1 Qg5 18. Nxd6 cxd6 19. Rc2 Rad8 20. Ba6 Ba8 21. Bc4 Kg7 22. Rcd2 Qe7 23. Bd5 Bxd5 24. Rxd5 f5 25. exf5 Rxf5 26. Qe3 Qc7 27. f3 Rf6 28. c4 Re8 29. Rb5 Rb8 30. Qd3 Re8 31. Re1 Ref8 32. Rd5 Re8 33. Re4 Re7 34. Qe3 Re8 35. Rb5 Rb8 36. Kf1 Rb7 37. Ke2 Rf7 38. Kd2 Qd8 39. Rd5 Qc7 40. h4 Rf6 41. Rb5 Qc6 42. Kc2 Qc7 43. Kb2 Qc6 44. Ka3 Qc7 45. Rd5 Qc6 46. Qd3 Rbf7 47. Ka2 h5 48. Re2 Re6 49. Qe3 Ref6 50. Qd2 Qc7 51. Re4 Qc6 52. Qe3 Kh7 53. Rb5 Rb7 54. Ka3 Kg7 55. g3 Qc8 56. f4 exf4 57. gxf4 Qg4 58. f5 Qd1 59. Qc3 Rbf7 60. Re1 Qg4 61. fxg6 Rf8 62. Re7+ 1-0

[Event "8. Arber-Schachopen 2019"]
[Site "Bodenmais"]
[Date "2019.08.03"]
[Round "8.3"]
[White "Milov, Leonid"]
[Black "Poetz, Florian"]
[Result "1/2-1/2"]
[ECO "B43"]
[WhiteElo "2472"]
[BlackElo "2389"]
[Annotator "ChessBase"]
[PlyCount "47"]
[EventDate "2019.07.27"]
[EventCountry "GER"]
[SourceTitle "playchess.com"]
[Source "ChessBase"]
[SourceQuality "1"]
[TimeControl "40/5400+30:1800+30"]

1. e4 c5 2. Nf3 e6 3. Nc3 a6 4. d4 cxd4 5. Nxd4 b5 6. Be3 Bb7 7. f3 Qc7 8. Qd2 Nf6 9. O-O-O b4 10. Na4 d5 11. e5 Nfd7 12. f4 Nc6 13. Nb3 Be7 14. Qf2 Na5 15. Nb6 Nxb3+ 16. axb3 Nxb6 17. Bxb6 Qd7 18. Bd3 a5 19. Qe2 O-O 20. Bd4 Rfc8 21. Kd2 Bc5 22. Qe3 Bxd4 23. Qxd4 Ba6 24. Ra1 1/2-1/2

[Event "8. Arber-Schachopen 2019"]
[Site "Bodenmais"]
[Date "2019.08.03"]
[Round "8.4"]
[White "Peng, Li Min"]
[Black "Hausner, Ivan"]
[Result "1/2-1/2"]
[ECO "A54"]
[WhiteElo "2466"]
[BlackElo "2370"]
[Annotator "ChessBase"]
[PlyCount "25"]
[EventDate "2019.07.27"]
[EventCountry "GER"]
[SourceTitle "playchess.com"]
[Source "ChessBase"]
[SourceQuality "1"]
[TimeControl "40/5400+30:1800+30"]

1. d4 Nf6 2. c4 d6 3. Nc3 e5 4. Nf3 exd4 5. Nxd4 g6 6. g3 Bg7 7. Bg2 O-O 8. O-O Nbd7 9. b3 Nc5 10. Bb2 a5 11. Qc2 c6 12. Rad1 Qb6 13. h3 1/2-1/2

[Event "8. Arber-Schachopen 2019"]
[Site "Bodenmais"]
[Date "2019.08.03"]
[Round "8.5"]
[White "Hoffmann, Michael"]
[Black "Woelk, Tom-Frederic"]
[Result "1-0"]
[ECO "E04"]
[WhiteElo "2438"]
[BlackElo "2229"]
[Annotator "NA"]
[PlyCount "85"]
[EventDate "2019.07.27"]
[EventCountry "GER"]
[SourceTitle "playchess.com"]
[Source "ChessBase"]
[SourceQuality "1"]
[TimeControl "40/5400+30:1800+30"]

1. c4 e6 2. g3 d5 3. Bg2 Nf6 4. d4 dxc4 5. Nf3 Bb4+ 6. Bd2 a5 7. Qc2 Bxd2+ 8. Qxd2 b5 9. a4 b4 10. Ne5 Ra7 11. Nxc4 O-O 12. O-O Qe7 13. Qg5 Rd8 14. e3 h6 15. Qh4 c5 16. dxc5 Qxc5 17. Nbd2 Ra6 18. Rfd1 Qc7 19. Qf4 Qa7 20. Nb3 Nd5 21. Qd4 Qxd4 22. Nxd4 Nb6 23. Nxb6 Rxb6 24. Rdc1 Bd7 25. Rc5 Ra6 26. Nb3 Bc6 27. Rxa5 Bxg2 28. Kxg2 Rxa5 29. Nxa5 f5 30. Rc1 Kf7 31. Rc4 Rd5 32. Nb3 Na6 33. Rc6 Rd3 34. Nd4 Nb8 35. Rb6 Nd7 36. Rxb4 Nc5 37. a5 Rd2 38. Rb5 Ne4 39. a6 Rxf2+ 40. Kg1 Rd2 41. a7 Rd1+ 42. Kg2 Ra1 43. Nc6 1-0

[Event "8. Arber-Schachopen 2019"]
[Site "Bodenmais"]
[Date "2019.08.03"]
[Round "8.6"]
[White "Sergeev, Vladimir"]
[Black "Bensch, Patrick"]
[Result "1-0"]
[ECO "A34"]
[WhiteElo "2415"]
[BlackElo "2197"]
[Annotator "NA"]
[PlyCount "59"]
[EventDate "2019.07.27"]
[EventCountry "GER"]
[SourceTitle "playchess.com"]
[Source "ChessBase"]
[SourceQuality "1"]
[TimeControl "40/5400+30:1800+30"]

1. c4 Nf6 2. Nc3 d5 3. cxd5 Nxd5 4. g3 c5 5. Bg2 Nc7 6. Nf3 Nc6 7. Qa4 Qd7 8. O-O e5 9. a3 f6 10. e3 Be7 11. Rd1 Qd3 12. b4 O-O 13. bxc5 Be6 14. Bf1 Qd7 15. d4 exd4 16. Nxd4 Nxd4 17. Qxd7 Bxd7 18. exd4 Rfe8 19. Be3 Bg4 20. Rd2 b6 21. Bg2 Rad8 22. c6 Bd6 23. Rb1 Bf5 24. Rb3 Be6 25. d5 Bf5 26. h3 Be5 27. g4 Bg6 28. Nb5 Nxb5 29. Rxb5 Bd6 30. a4 1-0

[Event "8. Arber-Schachopen 2019"]
[Site "Bodenmais"]
[Date "2019.08.03"]
[Round "8.7"]
[White "Hopman, Pieter"]
[Black "Bielmeier, Ludwig"]
[Result "1-0"]
[ECO "B12"]
[WhiteElo "2347"]
[BlackElo "2083"]
[Annotator "NA"]
[PlyCount "39"]
[EventDate "2019.07.27"]
[EventCountry "GER"]
[SourceTitle "playchess.com"]
[Source "ChessBase"]
[SourceQuality "1"]
[TimeControl "40/5400+30:1800+30"]

1. e4 c6 2. d4 d5 3. e5 c5 4. Nf3 Bg4 5. c4 Nc6 6. cxd5 Qxd5 7. Nc3 Bxf3 8. Nxd5 Bxd1 9. Nc7+ Kd8 10. Nxa8 Nxd4 11. Kxd1 Kc8 12. Be3 Nc6 13. Bxc5 Kb8 14. Bb5 Nxe5 15. Ke2 f6 16. Rhd1 Nf7 17. Rac1 Kxa8 18. Be8 b6 19. Bxf7 bxc5 20. Rd8+ 1-0

[Event "8. Arber-Schachopen 2019"]
[Site "Bodenmais"]
[Date "2019.08.03"]
[Round "8.8"]
[White "Schelle, Artur"]
[Black "Vuckovic, Zarko"]
[Result "0-1"]
[ECO "A46"]
[WhiteElo "2176"]
[BlackElo "2214"]
[Annotator "NA"]
[PlyCount "102"]
[EventDate "2019.07.27"]
[EventCountry "GER"]
[SourceTitle "playchess.com"]
[Source "ChessBase"]
[SourceQuality "1"]
[TimeControl "40/5400+30:1800+30"]

1. d4 Nf6 2. Nf3 e6 3. Bf4 Be7 4. h3 c5 5. e3 b6 6. c3 O-O 7. Nbd2 cxd4 8. cxd4 Ba6 9. Bxa6 Nxa6 10. O-O b5 11. Ne5 Qb6 12. a4 d6 13. a5 Qb7 14. Nd3 Rac8 15. Bg5 h6 16. Bh4 Rc7 17. Qb3 Rfc8 18. Rfc1 Qd5 19. Bxf6 Qxb3 20. Nxb3 Bxf6 21. Rxc7 Rxc7 22. Kf1 Kf8 23. Ke1 Ke8 24. Kd1 Kd7 25. Nd2 Be7 26. e4 Bf6 27. Nf3 Rc4 28. e5 Bd8 29. exd6 Kxd6 30. b3 Rc7 31. Kd2 f6 32. h4 g5 33. hxg5 hxg5 34. g4 Kd5 35. Ra2 Ke4 36. Ke2 Rc3 37. Nd2+ Kd5 38. Ra3 Kxd4 39. Nf3+ Kd5 40. Kd2 Rc8 41. Ra1 e5 42. Nfe1 e4 43. Nc1 Be7 44. Ng2 Bb4+ 45. Kd1 Ke5 46. Ra2 Rh8 47. Re2 Bxa5 48. Nd3+ Kd4 49. Ra2 Rh1+ 50. Nde1 Bxe1 51. Nxe1 Nb4 0-1

[Event "8. Arber-Schachopen 2019"]
[Site "Bodenmais"]
[Date "2019.08.03"]
[Round "8.9"]
[White "Senner, Peter"]
[Black "Kottmair, Toni"]
[Result "0-1"]
[ECO "C33"]
[WhiteElo "2231"]
[BlackElo "2086"]
[Annotator "NA"]
[PlyCount "112"]
[EventDate "2019.07.27"]
[EventCountry "GER"]
[SourceTitle "playchess.com"]
[Source "ChessBase"]
[SourceQuality "1"]
[TimeControl "40/5400+30:1800+30"]

1. e4 e5 2. f4 exf4 3. Bc4 d5 4. exd5 Nf6 5. Nf3 Nxd5 6. O-O Be7 7. Nc3 c6 8. Nxd5 cxd5 9. Bb5+ Nc6 10. d4 O-O 11. Bxf4 Qb6 12. Ba4 Bf5 13. Bb3 Rad8 14. c3 Na5 15. Bc2 Bxc2 16. Qxc2 Rfe8 17. b3 Bf6 18. Rae1 Nc6 19. Bg5 Rxe1 20. Rxe1 Ne7 21. Rxe7 Bxe7 22. Bxe7 Re8 23. Qf5 Qg6 24. Qxg6 hxg6 25. Bg5 f6 26. Bd2 b5 27. Kf2 Re6 28. Ne1 Ra6 29. Nd3 Rxa2 30. Ke3 a5 31. Nf4 Rb2 32. Nxd5 Rxb3 33. Kd3 Rb2 34. Ne3 Kf7 35. c4 b4 36. c5 a4 37. Nc4 a3 38. c6 a2 39. c7 a1=Q 40. c8=Q Qb1+ 41. Ke2 Qe4+ 42. Kf2 Qxd4+ 43. Ke2 Rb3 44. Qc7+ Kg8 45. Be3 Qd3+ 46. Kf2 g5 47. Qc8+ Kf7 48. g4 Rc3 49. Qc7+ Kg8 50. Qc8+ Kh7 51. Qe6 Qc2+ 52. Nd2 b3 53. Qe8 Rc8 54. Qe6 Rd8 55. Ke2 b2 56. Qb6 Rxd2+ 0-1

[Event "8. Arber-Schachopen 2019"]
[Site "Bodenmais"]
[Date "2019.08.03"]
[Round "8.10"]
[White "Schleining, Zoya"]
[Black "Peglau, Charis"]
[Result "1-0"]
[ECO "D41"]
[WhiteElo "2339"]
[BlackElo "1540"]
[Annotator "NA"]
[PlyCount "129"]
[EventDate "2019.07.27"]
[EventCountry "GER"]
[SourceTitle "playchess.com"]
[Source "ChessBase"]
[SourceQuality "1"]
[TimeControl "40/5400+30:1800+30"]

1. d4 d5 2. c4 e6 3. Nf3 Nf6 4. Nc3 c5 5. cxd5 Nxd5 6. g3 cxd4 7. Nxd5 Qxd5 8. Qxd4 Qxd4 9. Nxd4 Bd7 10. Bg2 Nc6 11. Nxc6 Bxc6 12. Bxc6+ bxc6 13. Bd2 f6 14. Rc1 Rb8 15. b3 Kd7 16. Rc4 Be7 17. e4 Rb6 18. Ra4 Rb7 19. Rd4+ Kc8 20. Ke2 Rd7 21. Rc4 Kb7 22. Rhc1 Rc8 23. Be3 e5 24. Ra4 Kb8 25. Ra6 Rdc7 26. Rc4 c5 27. Raa4 Rb7 28. Rc2 Rb5 29. Rac4 Kb7 30. Rd2 Rc7 31. f4 Kc6 32. fxe5 fxe5 33. Ra4 a5 34. Rc2 Kb6 35. Bd2 Rd7 36. Bc3 Bf6 37. Rd2 Rxd2+ 38. Kxd2 g6 39. Kd3 Bd8 40. Kc4 Bc7 41. Kd5 Kb7 42. Rc4 Kb6 43. Bd2 Bb8 44. Be3 Kb7 45. Rxc5 Rxc5+ 46. Bxc5 Ka6 47. Kc6 h6 48. a3 g5 49. b4 axb4 50. axb4 Ba7 51. b5+ Ka5 52. Bxa7 Kb4 53. b6 Kc4 54. b7 Kd3 55. Kd5 Ke2 56. b8=Q Kf3 57. Qb2 Kg4 58. Qf2 Kh3 59. Kxe5 Kg4 60. Qf5+ Kh5 61. Qh3+ Kg6 62. Ke6 Kg7 63. Qf5 Kg8 64. Qf7+ Kh8 65. Bd4# 1-0

[Event "8. Arber-Schachopen 2019"]
[Site "Bodenmais"]
[Date "2019.08.03"]
[Round "8.11"]
[White "Pap, Misa"]
[Black "Jergler, Karl-Heinz"]
[Result "1-0"]
[ECO "B36"]
[WhiteElo "2461"]
[BlackElo "2094"]
[Annotator "ChessBase"]
[PlyCount "51"]
[EventDate "2019.07.27"]
[EventCountry "GER"]
[SourceTitle "playchess.com"]
[Source "ChessBase"]
[SourceQuality "1"]
[TimeControl "40/5400+30:1800+30"]

1. e4 c5 2. Nf3 Nc6 3. d4 cxd4 4. Nxd4 g6 5. c4 Nf6 6. Nc3 d6 7. Nc2 Bg7 8. Be2 O-O 9. O-O Be6 10. Bd2 Nd7 11. Rc1 Nc5 12. b4 Bxc3 13. Bxc3 Nxe4 14. Ba1 f5 15. Nd4 Nxd4 16. Qxd4 Nf6 17. Bf3 Qd7 18. Rfe1 Bf7 19. Qh4 Kg7 20. c5 Rac8 21. Rcd1 Bxa2 22. g4 h6 23. g5 hxg5 24. Qxg5 Bb3 25. Rd2 Qc7 26. Bh5 1-0

[Event "8. Arber-Schachopen 2019"]
[Site "Bodenmais"]
[Date "2019.08.03"]
[Round "8.12"]
[White "Schwenkreis, Thomas"]
[Black "Kleibel, Uwe"]
[Result "0-1"]
[ECO "C26"]
[WhiteElo "2048"]
[BlackElo "2217"]
[Annotator "NA"]
[PlyCount "92"]
[EventDate "2019.07.27"]
[EventCountry "GER"]
[SourceTitle "playchess.com"]
[Source "ChessBase"]
[SourceQuality "1"]
[TimeControl "40/5400+30:1800+30"]

1. e4 e5 2. Nc3 Nf6 3. g3 d5 4. exd5 Nxd5 5. Bg2 Nxc3 6. bxc3 Nc6 7. Ne2 Be6 8. O-O Bd5 9. f3 Qf6 10. d3 Bc5+ 11. Kh1 O-O-O 12. Qe1 h5 13. h4 Qd6 14. c4 Be6 15. f4 Bg4 16. Nc3 Qd7 17. Nd5 Rhe8 18. Qd2 exf4 19. Qxf4 Bd6 20. Qxf7 Qxf7 21. Rxf7 Re1+ 22. Rf1 Rxf1+ 23. Bxf1 Bxg3 24. Bg5 Re8 25. Kg2 Bd6 26. Ne3 Bd7 27. Be2 Nd4 28. Bxh5 Rxe3 29. Bxe3 Nxc2 30. Bg6 Nxa1 31. d4 Ba4 32. Bc1 Nc2 33. Bb2 Ne3+ 34. Kf3 Nxc4 35. Ba1 Bc6+ 36. Kg4 Ne3+ 37. Kg5 Be7+ 38. Kf4 Ng2+ 39. Kg4 Nxh4 40. Bf7 Bd7+ 41. Kf4 Bf6 42. Bc3 g5+ 43. Ke4 Nf5 44. Bg6 Nd6+ 45. Kd5 Kd8 46. Bb4 Ke7 0-1

[Event "8. Arber-Schachopen 2019"]
[Site "Bodenmais"]
[Date "2019.08.03"]
[Round "8.13"]
[White "Hoffmann, Sebastian"]
[Black "Glaser, Max"]
[Result "1/2-1/2"]
[ECO "A46"]
[WhiteElo "2199"]
[BlackElo "1949"]
[Annotator "NA"]
[PlyCount "151"]
[EventDate "2019.07.27"]
[EventCountry "GER"]
[SourceTitle "playchess.com"]
[Source "ChessBase"]
[SourceQuality "1"]
[TimeControl "40/5400+30:1800+30"]

1. Nf3 Nf6 2. d4 e6 3. Bg5 d5 4. e3 h6 5. Bh4 Nbd7 6. Bd3 Be7 7. Nbd2 c5 8. c3 O-O 9. Ne5 Nxe5 10. dxe5 Nd7 11. Bxe7 Qxe7 12. f4 f6 13. exf6 Qxf6 14. O-O e5 15. e4 d4 16. fxe5 Qxe5 17. Nf3 Qd6 18. cxd4 cxd4 19. Bc4+ Kh8 20. Qxd4 Qxd4+ 21. Nxd4 Re8 22. Rae1 Ne5 23. Bb5 Rd8 24. Nf3 Nxf3+ 25. Rxf3 Be6 26. a3 Rac8 27. Rd3 Rxd3 28. Bxd3 Rd8 29. Re3 Kg8 30. Kf2 Kf7 31. Rf3+ Ke7 32. Ke3 Kd6 33. Rf2 Ke5 34. Rc2 Rc8 35. Rxc8 Bxc8 36. Bc4 Bg4 37. Bd5 b6 38. Bf7 Bd1 39. Bc4 Bc2 40. Bd5 Bd1 41. Kd2 Bh5 42. Kc3 Be2 43. Bc4 Bh5 44. Bd5 Be2 45. Bc4 Bh5 46. Kd3 Bd1 47. g3 Bf3 48. Bd5 Bg2 49. Ke3 Bf1 50. Bf7 Bg2 51. Bg6 Bf1 52. Bh5 Bg2 53. Bf3 Bf1 54. h4 Bb5 55. Bg4 Bf1 56. Kf3 Bd3 57. Bf5 Bc2 58. Ke3 Bb1 59. Bg6 Bc2 60. Bh7 Bb1 61. Bf5 Bc2 62. b4 Bb1 63. a4 Bc2 64. a5 Bb1 65. axb6 axb6 66. Kf3 Bd3 67. Bg6 Bc2 68. Ke3 Bb1 69. g4 Bc2 70. Bf5 Bb1 71. g5 hxg5 72. hxg5 Bc2 73. Kf3 Bd3 74. Bh7 Bc2 75. Bf5 Bd3 76. Bh7 1/2-1/2

[Event "8. Arber-Schachopen 2019"]
[Site "Bodenmais"]
[Date "2019.08.03"]
[Round "8.14"]
[White "Beck, Gerald"]
[Black "Brandsma, Romayn"]
[Result "1/2-1/2"]
[ECO "A20"]
[WhiteElo "2176"]
[BlackElo "1957"]
[Annotator "NA"]
[PlyCount "87"]
[EventDate "2019.07.27"]
[EventCountry "GER"]
[SourceTitle "playchess.com"]
[Source "ChessBase"]
[SourceQuality "1"]
[TimeControl "40/5400+30:1800+30"]

1. c4 e5 2. g3 c6 3. d4 e4 4. Bg2 Nf6 5. Bg5 d5 6. e3 h6 7. Bxf6 Qxf6 8. cxd5 cxd5 9. Nc3 Bb4 10. Nge2 O-O 11. O-O Qd6 12. Qb3 Be6 13. Rac1 Nc6 14. Nf4 Bxc3 15. Rxc3 Na5 16. Qc2 Rfc8 17. Nxe6 Qxe6 18. Rc1 Rc6 19. b4 Rac8 20. Rc5 b6 21. Rxc6 Rxc6 22. Qb1 Rxc1+ 23. Qxc1 Nc4 24. b5 Qe8 25. a4 a6 26. Qb1 axb5 27. Qxb5 Qxb5 28. axb5 f5 29. Bf1 Na3 30. Be2 g5 31. h3 Kf7 32. Kf1 f4 33. gxf4 gxf4 34. Ke1 f3 35. Bf1 Kg6 36. Kd2 Kh5 37. Kc1 Kh4 38. Kb2 Nxb5 39. Bxb5 Kxh3 40. Bc6 Kg2 41. Bxd5 Kxf2 42. Bxe4 Kxe3 43. Bxf3 Kxd4 44. Kb3 {[%emt 0:00:16] Kd5} 1/2-1/2

[Event "8. Arber-Schachopen 2019"]
[Site "Bodenmais"]
[Date "2019.08.03"]
[Round "8.15"]
[White "Eggeling, Philipp"]
[Black "Hoffmann, Tim"]
[Result "1/2-1/2"]
[ECO "A37"]
[WhiteElo "1869"]
[BlackElo "2147"]
[Annotator "NA"]
[PlyCount "80"]
[EventDate "2019.07.27"]
[EventCountry "GER"]
[SourceTitle "playchess.com"]
[Source "ChessBase"]
[SourceQuality "1"]
[TimeControl "40/5400+30:1800+30"]

1. Nf3 c5 2. c4 Nc6 3. Nc3 g6 4. g3 Bg7 5. Bg2 e5 6. O-O Nge7 7. d3 O-O 8. a3 d6 9. Rb1 f5 10. Bd2 h6 11. b4 Rb8 12. b5 Nd4 13. Nxd4 cxd4 14. Nd5 Be6 15. Nxe7+ Qxe7 16. b6 a6 17. Bb4 Qd7 18. Rc1 Rf7 19. c5 d5 20. c6 bxc6 21. Bc5 Qb7 22. Qa4 Bd7 23. Rb1 f4 24. Rfc1 fxg3 25. hxg3 Bf8 26. e4 dxe3 27. Bxe3 Rf6 28. Qh4 g5 29. Qa4 d4 30. Bd2 c5 31. Qc2 Bc6 32. Bxc6 Rxc6 33. Qc4+ Kg7 34. Qd5 Bd6 35. Qe6 Rxb6 36. Rxb6 Qxb6 37. Qd7+ Kh8 38. Ba5 Qb2 39. Qxd6 Qxc1+ 40. Kg2 Rb1 1/2-1/2

[Event "8. Arber-Schachopen 2019"]
[Site "Bodenmais"]
[Date "2019.08.03"]
[Round "8.16"]
[White "Danninger, Jannik"]
[Black "Gruettner, Ralf"]
[Result "1-0"]
[ECO "C47"]
[WhiteElo "1842"]
[BlackElo "2118"]
[Annotator "NA"]
[PlyCount "60"]
[EventDate "2019.07.27"]
[EventCountry "GER"]
[SourceTitle "playchess.com"]
[Source "ChessBase"]
[SourceQuality "1"]
[TimeControl "40/5400+30:1800+30"]

1. e4 Nf6 2. Nc3 e5 3. Nf3 Nc6 4. d4 exd4 5. Nxd4 Bb4 6. Nxc6 bxc6 7. Bd3 O-O 8. O-O d5 9. exd5 cxd5 10. Bg5 c6 11. Qf3 Be7 12. h3 Be6 13. Ne2 Nd7 14. Qh5 g6 15. Bxe7 Qxe7 16. Qh6 Rab8 17. b3 c5 18. c3 Qf6 19. Nf4 Qxc3 20. Bxg6 hxg6 21. Nxe6 fxe6 22. Qxg6+ Qg7 23. Qxe6+ Qf7 24. Qg4+ Kh8 25. Rad1 Rb4 26. Qg5 d4 27. Rd3 Rb6 28. Rg3 Rc6 29. Rg4 Nf6 30. Rg3 Nd7 1-0

[Event "8. Arber-Schachopen 2019"]
[Site "Bodenmais"]
[Date "2019.08.03"]
[Round "8.17"]
[White "Peglau, Mirjam"]
[Black "Medunova, Vera"]
[Result "0-1"]
[ECO "B73"]
[WhiteElo "1759"]
[BlackElo "2093"]
[Annotator "NA"]
[PlyCount "152"]
[EventDate "2019.07.27"]
[EventCountry "GER"]
[SourceTitle "playchess.com"]
[Source "ChessBase"]
[SourceQuality "1"]
[TimeControl "40/5400+30:1800+30"]

1. e4 c5 2. Nf3 Nc6 3. Nc3 d6 4. Be2 Nf6 5. O-O g6 6. d4 cxd4 7. Nxd4 Bg7 8. Be3 O-O 9. Qd2 Bd7 10. f3 a6 11. a4 Rc8 12. Nxc6 Bxc6 13. Nd5 Nd7 14. c4 Nc5 15. Bd1 a5 16. Bd4 Bxd4+ 17. Qxd4 Bxd5 18. exd5 Qb6 19. Ra3 Nxa4 20. Qxb6 Nxb6 21. Rxa5 Nxc4 22. Rb5 Ne3 23. Re1 Nxd1 24. Rxd1 Rc7 25. Rd3 Ra8 26. Kf2 Kf8 27. Rdb3 Ra7 28. R3b4 h5 29. g4 hxg4 30. fxg4 g5 31. Kg3 Ke8 32. h4 gxh4+ 33. Kxh4 e6 34. dxe6 fxe6 35. Kg5 Kf7 36. Kh6 e5 37. g5 Ra1 38. Kh5 Rh1+ 39. Kg4 Kg6 40. Rd5 Rd7 41. Rb6 Rg1+ 42. Kf3 Rf7+ 43. Ke2 Kxg5 44. Rdxd6 Kf4 45. Rb4+ Kf5 46. Rdb6 Rgg7 47. R6b5 Rh7 48. Kd3 Rc7 49. Kd2 Rcg7 50. Kc2 Rd7 51. Kb3 Rhe7 52. Kc3 Kf6 53. Re4 Rd6 54. b3 b6 55. Kc2 Rc7+ 56. Kb2 Re6 57. Rd5 Kf5 58. Rb4 Rc5 59. Rxc5 bxc5 60. Rc4 e4 61. Rxc5+ Kf4 62. Kc2 Rd6 63. Rc8 e3 64. Rf8+ Kg3 65. Rg8+ Kf2 66. Rf8+ Ke1 67. b4 e2 68. b5 Rd5 69. b6 Rc5+ 70. Kd3 Rb5 71. Re8 Rb3+ 72. Kc2 Rxb6 73. Rf8 Rc6+ 74. Kb1 Rc4 75. Rh8 Kd2 76. Rh2 Kd1 0-1

[Event "8. Arber-Schachopen 2019"]
[Site "Bodenmais"]
[Date "2019.08.03"]
[Round "8.18"]
[White "Schmahl, Stephan"]
[Black "Navarro Gevers, Daniel"]
[Result "1-0"]
[ECO "A52"]
[WhiteElo "2101"]
[BlackElo "1813"]
[Annotator "NA"]
[PlyCount "115"]
[EventDate "2019.07.27"]
[EventCountry "GER"]
[SourceTitle "playchess.com"]
[Source "ChessBase"]
[SourceQuality "1"]
[TimeControl "40/5400+30:1800+30"]

1. d4 Nf6 2. c4 e5 3. dxe5 Ng4 4. e3 Nxe5 5. f4 Nec6 6. Nf3 Bb4+ 7. Bd2 Qe7 8. Kf2 O-O 9. Bd3 d6 10. a3 Bxd2 11. Qxd2 f5 12. Nc3 Nd7 13. Nd5 Qd8 14. Qc2 Nc5 15. Rhd1 b6 16. Rac1 Bb7 17. Bxf5 h6 18. b4 Nd7 19. b5 Ne7 20. Be6+ Kh8 21. Nxe7 Qxe7 22. Bxd7 Qxd7 23. Ne5 Qd8 24. Ng6+ Kg8 25. Nxf8 Qh4+ 26. Kg1 Rxf8 27. Qf2 Qg4 28. h3 Qe6 29. Rd4 Rf6 30. Kh2 Qf5 31. g4 Qd7 32. Rcd1 Re6 33. f5 Rf6 34. Qf4 a6 35. a4 a5 36. R1d2 Kh7 37. Rf2 Qf7 38. h4 Bc8 39. e4 Kg8 40. Kg3 Qe7 41. g5 hxg5 42. hxg5 Rf8 43. g6 Re8 44. Rh2 Qe5 45. Qxe5 Rxe5 46. Kf4 Bb7 47. Rh3 Ba8 48. Re3 Bb7 49. Rd5 Re7 50. e5 Bxd5 51. cxd5 Kf8 52. e6 Kg8 53. f6 gxf6 54. Kf5 Re8 55. e7 Kg7 56. Re1 c5 57. dxc6 d5 58. c7 1-0